AoeStats
← DS_Kvothe

Arabia

509484637Analyzed
1v1 RM · 6d ago on Sep 26, 2026· 56m 0s· 2 players
Game mode
Random Map
Map size
Tiny (2 player)
Population
200
Speed
Normal
Resources
Standard
Victory
Conquest
Starting age
Dark Age
Ending age
Imperial Age
RankedLock teamsTeams togetherTeam positionsShared explorationLock speedFull tech treeHidden civsTurbo modeCheats
Victory
Defeat
🇪🇸 Huns · Spain
1879
+19
🇦🇷 Slavs · Argentina
1937
-19
Crom
6:36 Loom
8:47 Feudal Age
9:40 Double-Bit Axe
10:01 Horse Collar
19:50 Castle Age
19:08 Bloodlines
18:53 Gold Mining
20:02 Fletching
21:40 Bow Saw
21:39 Bodkin Arrow
23:56 Husbandry
25:43 Padded Archer Armor
26:26 Ballistics
26:30 Town Watch
27:55 Wheelbarrow
30:42 Stone Mining
31:46 Thumb Ring
32:01 Leather Archer Armor
37:27 Imperial Age
36:02 Gold Shaft Mining
35:52 Scale Barding Armor
35:09 Light Cavalry
37:27 Hand Cart
37:25 Heavy Plow
38:37 Bracer
39:39 Chemistry
39:30 Parthian Tactics
40:29 Crossbowman
40:33 Heavy Cavalry Archer
41:35 Conscription
41:42 Chain Barding Armor
41:10 Hussar
43:14 Two-Man Saw
43:10 Plate Barding Armor
43:29 Forging
47:00 Iron Casting
48:53 Blast Furnace
49:15 Masonry
DS_Kvothe
6:36 Loom
8:37 Feudal Age
9:17 Double-Bit Axe
9:26 Horse Collar
21:50 Castle Age
20:34 Bloodlines
21:23 Scale Barding Armor
21:29 Forging
22:13 Light Cavalry
22:53 Husbandry
24:00 Chain Barding Armor
30:38 Bow Saw
31:09 Gold Mining
33:16 Ballistics
36:28 Imperial Age
36:01 Heavy Plow
36:26 Detinets
37:18 Wheelbarrow
37:49 Plate Barding Armor
37:02 Cavalier
40:42 Fletching
40:25 Pikeman
41:06 Squires
42:20 Hoardings
43:33 Conscription
43:44 Conscription
44:35 Masonry
45:26 Chemistry
44:56 Scale Mail Armor
45:31 Iron Casting
44:41 Halberdier
45:18 Bodkin Arrow
45:56 Siege Engineers
47:10 Chain Mail Armor
47:55 Blast Furnace
47:33 Hand Cart
47:03 Town Watch
48:34 Heavy Scorpion
52:05 Plate Mail Armor
52:35 Blast Furnace
Connection lost

Rejoining the realm…

Still unreachable

The connection could not be restored.

Session expired

The server has moved on; the page needs a fresh start.